[ AOE2 MATCH · #495883189 ]
UnrankedPortuguese vs Wei
Player's team · WIN
Rival team · LOSS
[ REPLAY ANALYSIS · EXTRACTED FROM THE RECORDED GAME ]
Feudal
9:17
Castle
21:47
Imperial
32:05
| APM avg | 56.0 |
| APM peak | 102 |
| eAPM avg | 18.9 |
| Villagers / military | 84 / 62 |
Focus
⚔️ 41.3% · 🌾 58.7%
Archer ×46 · Mangonel ×5 · Monk ×4 · Militia ×3 · Bombard Cannon ×3 · Trebuchet (Packed) ×1
Feudal
10:51
Castle
20:50
Imperial
—
| APM avg | 56.5 |
| APM peak | 109 |
| eAPM avg | 18.2 |
| Villagers / military | 82 / 31 |
Focus
⚔️ 30.9% · 🌾 69.1%
Unknown (1949) ×31 · Skirmisher ×16 · Militia ×6 · Archer ×5 · Mangonel ×4
Match map
Initial resources + every placement click. Lines = walls · curves = elevation contours. ◆ gold · ⬟ stone · ● berries · ✦ relic · ◌ wall gap
Your base· Open — 6t gap
Joy Racing's base· Open — 7t gap
Smoothed initial terrain · ◌ = detected wall gap · hover for details
Inputs per minute
— El_mexicano_S - - Joy Racing
Build order — El_mexicano_S
First 150 of 260 actions detected
| 0:01 | Create | Villager (Male) |
| 0:01 | Create | Villager (Male) |
| 0:02 | Create | Villager (Male) |
| 0:03 | Build | House |
| 0:04 | Build | House |
| 0:30 | Create | Villager (Male) |
| 1:10 | Create | Villager (Male) |
| 1:40 | Create | Villager (Male) |
| 1:48 | Build | Lumber Camp |
| 2:07 | Create | Villager (Male) |
| 2:38 | Create | Villager (Male) |
| 3:13 | Create | Villager (Male) |
| 3:13 | Create | Villager (Male) |
| 3:33 | Create | Villager (Male) |
| 3:49 | Build | House |
| 3:51 | Build | House |
| 3:59 | Create | Villager (Male) |
| 4:28 | Create | Villager (Male) |
| 4:33 | Build | Palisade Wall |
| 4:43 | Create | Villager (Male) |
| 5:07 | Create | Villager (Male) |
| 5:20 | Build | Mill |
| 5:36 | Create | Villager (Male) |
| 6:07 | Create | Villager (Male) |
| 6:07 | Research | Loom |
| 6:49 | Build | Barracks |
| 7:07 | Research | Feudal Age |
| 7:44 | Build | Mining Camp |
| 7:46 | Create | Militia |
| 7:56 | Create | Militia |
| 8:25 | Create | Militia |
| 9:17 | Age | Feudal Age |
| 9:30 | Create | Villager (Male) |
| 9:56 | Create | Villager (Male) |
| 9:58 | Build | Archery Range |
| 10:02 | Build | House |
| 10:12 | Research | Man-at-Arms (upgrade) |
| 10:24 | Create | Villager (Male) |
| 10:29 | Create | Villager (Male) |
| 10:49 | Create | Archer |
| 10:54 | Create | Villager (Male) |
| 11:02 | Build | Blacksmith |
| 11:03 | Build | Palisade Wall |
| 11:04 | Create | Villager (Male) |
| 11:11 | Research | Double-Bit Axe |
| 11:11 | Research | Double-Bit Axe |
| 11:33 | Create | Archer |
| 11:41 | Research | Horse Collar |
| 11:46 | Create | Archer |
| 11:57 | Research | Fletching |
| 11:57 | Research | Fletching |
| 12:03 | Build | House |
| 12:12 | Build | House |
| 12:20 | Create | Archer |
| 12:23 | Build | House |
| 12:35 | Create | Villager (Male) |
| 12:35 | Create | Villager (Male) |
| 12:40 | Build | Farm |
| 12:41 | Build | Farm |
| 12:49 | Build | Farm |
| 12:51 | Build | Farm |
| 12:54 | Create | Archer |
| 13:18 | Build | Palisade Wall |
| 13:25 | Create | Villager (Male) |
| 13:28 | Create | Archer |
| 13:39 | Build | House |
| 13:41 | Build | Palisade Wall |
| 13:47 | Create | Archer |
| 13:48 | Create | Villager (Male) |
| 13:54 | Build | Farm |
| 13:56 | Build | Farm |
| 14:04 | Create | Villager (Male) |
| 14:08 | Build | Farm |
| 14:09 | Build | Farm |
| 14:17 | Create | Villager (Male) |
| 14:42 | Build | Palisade Gate |
| 14:44 | Create | Archer |
| 14:52 | Create | Archer |
| 14:54 | Build | House |
| 14:56 | Create | Villager (Male) |
| 14:58 | Build | Farm |
| 14:59 | Build | Farm |
| 15:11 | Create | Archer |
| 15:23 | Create | Villager (Male) |
| 15:25 | Build | Farm |
| 15:27 | Build | Farm |
| 15:28 | Create | Villager (Male) |
| 15:35 | Create | Archer |
| 15:44 | Create | Villager (Male) |
| 16:00 | Create | Archer |
| 16:04 | Build | House |
| 16:15 | Create | Villager (Male) |
| 16:18 | Build | Lumber Camp |
| 16:34 | Create | Archer |
| 16:40 | Build | Farm |
| 16:43 | Build | House |
| 16:46 | Build | Palisade Wall |
| 16:47 | Build | Palisade Wall |
| 16:53 | Create | Villager (Male) |
| 17:03 | Build | Farm |
| 17:06 | Build | Farm |
| 17:55 | Build | Farm |
| 18:09 | Create | Archer |
| 18:17 | Create | Villager (Male) |
| 18:21 | Build | Farm |
| 18:37 | Create | Villager (Male) |
| 18:46 | Build | House |
| 19:07 | Research | Castle Age |
| 19:49 | Build | Palisade Wall |
| 19:53 | Build | Archery Range |
| 19:59 | Research | Forging |
| 20:01 | Research | Padded Archer Armor |
| 20:02 | Research | Padded Archer Armor |
| 20:06 | Research | Gold Mining |
| 20:11 | Create | Archer |
| 20:11 | Create | Archer |
| 21:03 | Create | Archer |
| 21:03 | Create | Archer |
| 21:17 | Build | House |
| 21:28 | Create | Villager (Male) |
| 21:47 | Age | Castle Age |
| 21:49 | Build | Siege Workshop |
| 21:53 | Research | Bow Saw |
| 22:00 | Create | Villager (Male) |
| 22:04 | Build | House |
| 22:08 | Build | Palisade Wall |
| 22:11 | Research | Crossbowman (upgrade) |
| 22:11 | Research | Bodkin Arrow |
| 22:15 | Create | Archer |
| 22:15 | Create | Archer |
| 22:34 | Create | Mangonel |
| 22:38 | Create | Villager (Male) |
| 22:45 | Build | Town Center |
| 22:47 | Create | Villager (Male) |
| 22:57 | Build | Town Center |
| 23:00 | Create | Archer |
| 23:01 | Create | Archer |
| 23:05 | Create | Mangonel |
| 23:20 | Research | Wheelbarrow |
| 23:31 | Build | Palisade Wall |
| 24:00 | Create | Villager (Male) |
| 24:01 | Create | Villager (Male) |
| 24:04 | Build | House |
| 24:06 | Build | House |
| 24:07 | Build | House |
| 24:16 | Create | Archer |
| 24:16 | Create | Archer |
| 24:19 | Create | Villager (Male) |
| 24:19 | Create | Villager (Male) |
| 24:20 | Create | Villager (Male) |
Build order — Joy Racing
First 150 of 259 actions detected
| 0:00 | Create | Villager (Male) |
| 0:00 | Create | Villager (Male) |
| 0:01 | Build | House |
| 0:10 | Create | Villager (Male) |
| 0:10 | Create | Villager (Male) |
| 0:10 | Create | Villager (Male) |
| 1:07 | Create | Villager (Male) |
| 1:07 | Create | Villager (Male) |
| 1:52 | Build | House |
| 1:53 | Build | House |
| 1:56 | Create | Villager (Male) |
| 1:56 | Create | Villager (Male) |
| 2:11 | Build | Lumber Camp |
| 2:22 | Create | Villager (Male) |
| 2:23 | Create | Villager (Male) |
| 2:39 | Create | Villager (Male) |
| 3:00 | Create | Villager (Male) |
| 3:38 | Create | Villager (Male) |
| 4:01 | Create | Villager (Male) |
| 4:18 | Create | Villager (Male) |
| 4:36 | Build | Barracks |
| 4:47 | Create | Villager (Male) |
| 4:56 | Build | House |
| 5:08 | Create | Villager (Male) |
| 5:27 | Build | House |
| 5:30 | Create | Villager (Male) |
| 5:34 | Create | Militia |
| 5:34 | Create | Militia |
| 5:56 | Create | Villager (Male) |
| 6:19 | Create | Villager (Male) |
| 6:38 | Build | Mill |
| 6:50 | Create | Villager (Male) |
| 7:15 | Create | Villager (Male) |
| 7:26 | Research | Loom |
| 8:16 | Create | Villager (Male) |
| 8:18 | Research | Feudal Age |
| 8:54 | Build | Mining Camp |
| 9:06 | Create | Villager (Male) |
| 9:23 | Build | Palisade Wall |
| 9:24 | Build | Palisade Wall |
| 9:24 | Build | Palisade Wall |
| 9:28 | Build | Palisade Wall |
| 9:30 | Build | Palisade Wall |
| 9:30 | Build | Palisade Wall |
| 9:31 | Build | Palisade Wall |
| 9:37 | Build | Palisade Wall |
| 9:45 | Create | Militia |
| 9:46 | Create | Militia |
| 10:06 | Build | Palisade Wall |
| 10:08 | Build | Palisade Wall |
| 10:10 | Build | Palisade Wall |
| 10:12 | Build | Palisade Wall |
| 10:12 | Build | Palisade Wall |
| 10:13 | Build | Palisade Wall |
| 10:18 | Build | Farm |
| 10:18 | Build | Farm |
| 10:21 | Create | Militia |
| 10:29 | Build | House |
| 10:51 | Age | Feudal Age |
| 10:53 | Create | Villager (Male) |
| 10:58 | Build | Archery Range |
| 11:16 | Research | Double-Bit Axe |
| 11:23 | Research | Man-at-Arms (upgrade) |
| 11:25 | Create | Villager (Male) |
| 11:28 | Build | Farm |
| 11:37 | Create | Militia |
| 11:49 | Build | House |
| 11:51 | Build | House |
| 11:57 | Create | Villager (Male) |
| 12:10 | Create | Archer |
| 12:11 | Create | Archer |
| 12:18 | Build | Farm |
| 12:20 | Build | Farm |
| 12:22 | Build | Farm |
| 12:24 | Build | Farm |
| 12:28 | Create | Villager (Male) |
| 12:43 | Build | Palisade Wall |
| 12:45 | Create | Villager (Male) |
| 12:57 | Create | Villager (Male) |
| 13:16 | Create | Skirmisher |
| 13:16 | Create | Skirmisher |
| 13:17 | Create | Archer |
| 13:24 | Create | Villager (Male) |
| 13:35 | Build | Farm |
| 13:38 | Build | Farm |
| 13:40 | Build | Farm |
| 13:42 | Build | Farm |
| 13:47 | Create | Villager (Male) |
| 13:52 | Create | Archer |
| 13:52 | Create | Archer |
| 14:03 | Build | Blacksmith |
| 14:11 | Create | Villager (Male) |
| 14:16 | Build | House |
| 14:22 | Build | Palisade Wall |
| 14:35 | Build | Palisade Wall |
| 14:38 | Create | Villager (Male) |
| 14:43 | Build | House |
| 14:52 | Create | Villager (Male) |
| 14:55 | Build | House |
| 14:56 | Build | House |
| 14:59 | Build | House |
| 15:18 | Create | Skirmisher |
| 15:19 | Create | Skirmisher |
| 15:21 | Build | Farm |
| 15:29 | Build | Farm |
| 15:31 | Build | Farm |
| 15:33 | Build | Farm |
| 15:34 | Create | Villager (Male) |
| 15:50 | Build | Palisade Wall |
| 16:04 | Research | Padded Archer Armor |
| 16:09 | Create | Villager (Male) |
| 16:13 | Build | Farm |
| 16:16 | Build | House |
| 16:18 | Build | House |
| 16:20 | Build | House |
| 16:26 | Build | House |
| 16:28 | Build | Palisade Wall |
| 16:34 | Create | Villager (Male) |
| 16:36 | Build | Farm |
| 16:40 | Build | Farm |
| 16:47 | Create | Skirmisher |
| 16:48 | Create | Skirmisher |
| 17:08 | Create | Villager (Male) |
| 17:13 | Build | House |
| 17:45 | Create | Villager (Male) |
| 18:06 | Research | Castle Age |
| 18:11 | Create | Skirmisher |
| 18:11 | Create | Skirmisher |
| 18:58 | Research | Gold Mining |
| 19:01 | Research | Horse Collar |
| 19:13 | Build | Lumber Camp |
| 19:21 | Create | Skirmisher |
| 19:21 | Create | Skirmisher |
| 19:25 | Create | Villager (Male) |
| 19:43 | Research | Fletching |
| 20:20 | Build | Archery Range |
| 20:50 | Age | Castle Age |
| 20:55 | Research | Bodkin Arrow |
| 21:08 | Research | Leather Archer Armor |
| 21:10 | Create | Villager (Male) |
| 21:30 | Research | Elite Skirmisher (upgrade) |
| 21:33 | Create | Villager (Male) |
| 21:40 | Create | Skirmisher |
| 21:40 | Create | Skirmisher |
| 21:41 | Create | Skirmisher |
| 21:41 | Create | Skirmisher |
| 21:46 | Create | Villager (Male) |
| 21:48 | Research | Bow Saw |
| 21:48 | Research | Bow Saw |
| 22:01 | Create | Villager (Male) |
Match timeline
| 4:33 | El_mexicano_S · wall_segment Palisade Wall x3 |
| 4:36 | Joy Racing · first_building Barracks |
| 6:49 | El_mexicano_S · first_building Barracks |
| 9:17 | El_mexicano_S · age_up feudal |
| 9:23 | Joy Racing · wall_segment Palisade Wall x1 |
| 9:24 | Joy Racing · wall_segment Palisade Wall x1 |
| 9:24 | Joy Racing · wall_segment Palisade Wall x1 |
| 9:28 | Joy Racing · wall_segment Palisade Wall x1 |
| 9:30 | Joy Racing · wall_segment Palisade Wall x1 |
| 9:30 | Joy Racing · wall_segment Palisade Wall x1 |
| 9:31 | Joy Racing · wall_segment Palisade Wall x1 |
| 9:37 | Joy Racing · wall_segment Palisade Wall x1 |
| 9:58 | El_mexicano_S · first_building Archery Range |
| 10:06 | Joy Racing · wall_segment Palisade Wall x1 |
| 10:08 | Joy Racing · wall_segment Palisade Wall x1 |
| 10:10 | Joy Racing · wall_segment Palisade Wall x1 |
| 10:12 | Joy Racing · wall_segment Palisade Wall x1 |
| 10:12 | Joy Racing · wall_segment Palisade Wall x1 |
| 10:13 | Joy Racing · wall_segment Palisade Wall x1 |
| 10:51 | Joy Racing · age_up feudal |
| 10:58 | Joy Racing · first_building Archery Range |
| 11:03 | El_mexicano_S · wall_segment Palisade Wall x1 |
| 12:43 | Joy Racing · wall_segment Palisade Wall x10 |
| 13:18 | El_mexicano_S · wall_segment Palisade Wall x9 |
| 13:41 | El_mexicano_S · wall_segment Palisade Wall x1 |
| 14:22 | Joy Racing · wall_segment Palisade Wall x10 |
| 14:35 | Joy Racing · wall_segment Palisade Wall x8 |
| 15:50 | Joy Racing · wall_segment Palisade Wall x10 |
| 16:28 | Joy Racing · wall_segment Palisade Wall x6 |
| 16:46 | El_mexicano_S · wall_segment Palisade Wall x1 |
| 16:47 | El_mexicano_S · wall_segment Palisade Wall x3 |
| 19:49 | El_mexicano_S · wall_segment Palisade Wall x10 |
| 20:50 | Joy Racing · age_up castle |
| 21:47 | El_mexicano_S · age_up castle |
| 21:49 | El_mexicano_S · first_building Siege Workshop |
| 22:08 | El_mexicano_S · wall_segment Palisade Wall x7 |
| 23:31 | El_mexicano_S · wall_segment Palisade Wall x1 |
| 23:56 | Joy Racing · first_building Siege Workshop |
| 27:24 | Joy Racing · first_building Castle |
| 27:54 | El_mexicano_S · first_building Monastery |
| 32:02 | Joy Racing · first_market_sell 100 wood |
| 32:03 | Joy Racing · first_market_buy 100 food |
| 32:05 | El_mexicano_S · age_up imperial |
| 36:18 | Joy Racing · first_building Stable |
| 36:22 | El_mexicano_S · first_building Castle |
| 37:34 | Joy Racing · resign |
[ AI ANALYSIS · 1 CREDIT ]
What really happened in this match?
Wolo.gg analyzes every decision: build order, eco, micro, common mistakes by bracket. Personalized analysis on WhatsApp or Discord in 30 seconds.
Civ guide
Portuguese
Perfil
Jugador #6130970